 Dungeon Crawl Stone Soup version 0.27-a0-522-g46bbb28828 (webtiles) character file.

Game seed: 4424609624364886939

56 lessens the Charlatan (level 3, 0/30 HPs)
             Began as a Gnoll Artificer on Mar 5, 2021.
             Succumbed to an adder's poison
             ... on level 2 of the Dungeon.
             The game lasted 00:01:17 (1249 turns).

lessens the Charlatan (Gnoll Artificer)             Turns: 1249, Time: 00:01:17

Health: 0/30       AC:  3    Str: 12    XL:     3   Next: 95%
Magic:  2/7        EV: 10    Int: 10    God:
Gold:   25         SH:  8    Dex: 12    Spells: 8/8 levels left

rFire    . . .     SeeInvis .   g - +0 hand axe
rCold    . . .     Faith    .   j - +0 kite shield
rNeg     . . .     Spirit   .   b - +0 leather armour
rPois    .         Reflect  .   (no helmet)
rElec    .         Harm     .   (no cloak)
rCorr    .         Rampage  .   (no gloves)
Will     .....                  (no boots)
Stlth    ++........             (no amulet)
HPRegen  0.10/turn              (no ring)
MPRegen  0.10/turn              (no ring)

@: lethally poisoned (0 -> -8)
A: fangs 1, strong nose, distributed training
a: no special abilities


You were on level 2 of the Dungeon.
You visited 1 branch of the dungeon, and saw 2 of its levels.

You collected 25 gold pieces.

Inventory:

Hand Weapons
 a - a +0 club
 g - a +0 hand axe (weapon)
Missiles
 k - 64 stones
Armour
 b - a +0 leather armour (worn)
 j - a +0 kite shield (worn)
Jewellery
 h - a ring of wizardry
Wands
 c - a wand of flame (15) (quivered)
 d - a wand of charming (14)
 e - a wand of random effects (15)
Scrolls
 f - a scroll of blinking {unknown}
 i - a scroll of noise {unknown}
 m - a scroll of random uselessness {unknown}
 n - a scroll of identify {unknown}
 o - a scroll of magic mapping {unknown}


   Skills:
 + Level 4.1 Fighting
 + Level 3.1 Short Blades
 + Level 3.1 Long Blades
 + Level 3.1 Axes
 + Level 3.1 Maces & Flails
 + Level 3.1 Polearms
 + Level 3.1 Staves
 + Level 3.1 Slings
 + Level 3.1 Bows
 + Level 3.1 Crossbows
 + Level 3.1 Throwing
 + Level 5.6 Armour
 + Level 4.1 Dodging
 + Level 4.0 Stealth
 + Level 3.1 Shields
 + Level 3.1 Unarmed Combat
 + Level 3.1 Spellcasting
 + Level 2.5 Conjurations
 + Level 2.5 Hexes
 + Level 2.5 Summonings
 + Level 2.5 Necromancy
 + Level 2.5 Translocations
 + Level 2.5 Transmutations
 + Level 2.5 Fire Magic
 + Level 2.5 Ice Magic
 + Level 2.5 Air Magic
 + Level 2.5 Earth Magic
 + Level 2.5 Poison Magic
 + Level 3.4 Invocations
 + Level 7.3 Evocations


You had 8 spell levels left.
You didn't know any spells.
Your spell library was empty.

Dungeon Overview and Level Annotations

Branches:
Dungeon (2/15)

Altars:


Innate Abilities, Weirdness & Mutations

You have very sharp teeth.
Your uncanny sense of smell can sniff out nearby items.
Your experience applies equally to all skills.


Message History

Your Conjurations skill gained 2 levels and is now at level 2!
Your Hexes skill gained 2 levels and is now at level 2!
Your Summonings skill gained 2 levels and is now at level 2!
Your Necromancy skill gained 2 levels and is now at level 2!
Your Translocations skill gained 2 levels and is now at level 2!
Your Transmutations skill gained 2 levels and is now at level 2!
Your Fire Magic skill gained 2 levels and is now at level 2!
Your Ice Magic skill gained 2 levels and is now at level 2!
Your Air Magic skill gained 2 levels and is now at level 2!
Your Earth Magic skill gained 2 levels and is now at level 2!
Your Poison Magic skill gained 2 levels and is now at level 2!
Your Invocations skill gained 3 levels and is now at level 3!
Your Evocations skill increases to level 7!
You have reached level 3!
Your experience leads to an increase in your attributes!
Increase (S)trength, (I)ntelligence, or (D)exterity?
You feel stronger.
* * * LOW HITPOINT WARNING * * *
You feel sick. The adder closely misses you.
Aiming: Charm
Press: ? - help, Shift-Dir - straight line, f - adder
Aim: an adder (chance to affect: 75%)
The adder is charmed.
* * * LOW HITPOINT WARNING * * *
You feel sick.
* * * LOW HITPOINT WARNING * * *
You feel sick.
* * * LOW HITPOINT WARNING * * *
You feel sick.
* * * LOW HITPOINT WARNING * * *
You feel sick.
* * * LOW HITPOINT WARNING * * *
You feel sick.
* * * LOW HITPOINT WARNING * * *
You feel sick.
A leopard gecko comes into view.
* * * LOW HITPOINT WARNING * * *
You feel sick.
The leopard gecko hisses angrily.
You die...

#...#.# . ...#.# ..
l...######## ...
..........# .... ...
..>.# ..... #.# #..#
......#.#####..###.#
.......@.S.........#
......#.#####..#####
#+#.# #.# #..# ###
.. #.#####..###<# .
.............#
.........###.#
.#.#####.## #.# .#.#
#.# #.# #. #.#


You could see a friendly adder (charmed).

Vanquished Creatures
  A dart slug (D:1)
  A giant cockroach (D:1)
  2 hobgoblins (D:1)
  3 jackals (D:1)
  4 kobolds (D:1)
  2 bats
  2 frilled lizards (D:1)
  2 goblins (D:1)
  2 rats (D:1)
19 creatures vanquished.

Notes
Turn   | Place    | Note
-------+----------+-------------------------------------------
     0 | D:1      | lessens the Gnoll Artificer began the quest for the Orb.
     0 | D:1      | Reached XP level 1. HP: 17/17 MP: 1/1
   230 | D:1      | Reached XP level 2. HP: 18/23 MP: 2/2
  1241 | D:2      | Reached skill level 5 in Armour
  1241 | D:2      | Reached skill level 7 in Evocations
  1241 | D:2      | Reached XP level 3. HP: 8/30 MP: 2/7
  1248 | D:2      | HP: 1/30 [poisoned by an adder]
  1249 | D:2      | Succumbed to an adder's poison

Illustrated notes

Levels and vault maps discovered:
D:1:      psy_arrival_radial01, layout_basic, minmay_strange_pillars
D:2:      layout_basic

Skill      XL: |  1  2 |
---------------+-------+-----
Fighting       | 4 |  4.1
Short Blades   | 3 |  3.1
Long Blades    | 3 |  3.1
Axes           | 3 |  3.1
Maces & Flails | 3 |  3.1
Polearms       | 3 |  3.1
Staves         | 3 |  3.1
Slings         | 3 |  3.1
Bows           | 3 |  3.1
Crossbows      | 3 |  3.1
Throwing       | 3 |  3.1
Armour         | 5 |  5.6
Dodging        | 4 |  4.1
Stealth        | 4 |  4.0
Shields        | 3 |  3.1
Unarmed Combat | 3 |  3.1
Spellcasting   | 3 |  3.1
Conjurations   | 2 |  2.5
Hexes          | 2 |  2.5
Summonings     | 2 |  2.5
Necromancy     | 2 |  2.5
Translocations | 2 |  2.5
Transmutations | 2 |  2.5
Fire Magic     | 2 |  2.5
Ice Magic      | 2 |  2.5
Air Magic      | 2 |  2.5
Earth Magic    | 2 |  2.5
Poison Magic   | 2 |  2.5
Invocations    | 3 |  3.4
Evocations     | 7 |  7.3

Action                   || total
-------------------------++-------
Melee: Hand axe          ||    60
       Bite              ||     4
Evoke: Wand              ||     1
  Use: Potion            ||     1
 Stab: Sleeping          ||     1
Armor: Leather armour    ||    14
Dodge: Dodged            ||    39
Block: Kite shield       ||    13

Table legend: (Time is in decaauts)
 A = Elapsed time spent in this place.
 B = Non-inter-level travel time spent in this place.
 C = Inter-level travel time spent in this place.
 D = Time resting spent in this place.
 E = Time spent auto-exploring this place.
 F = Levels seen in this place.
 G = Mean time per level.
                   A        B        C        D        E       F      G
               +--------+--------+--------+--------+--------+-----+--------+
         Total |   1274 |   1151 |    123 |      0 |    967 |   2 |  637.0 |
       Dungeon |   1274 |   1151 |    123 |      0 |    967 |   2 |  637.0 |
               +--------+--------+--------+--------+--------+-----+--------+

Top non-repeatable levels by time:
     D:1: 1245 daAuts
     D:2: 29 daAuts
